 Dungeon Crawl Stone Soup version 0.21.0-3-g78d12a8 (webtiles) character file.

5355 Jatast the Archer (level 10, -2/81 HPs)
             Began as a Centaur Arcane Marksman on Jan 16, 2018.
             Was a Priest of Okawaru.
             Shot with an arrow by a centaur (10 damage)
             ... on level 9 of the Dungeon.
             The game lasted 00:43:09 (18014 turns).

Jatast the Archer (Centaur Arcane Marksman)        Turns: 18014, Time: 00:43:09

Health: -2/81      AC:  6    Str: 13    XL:     10   Next: 38%
Magic:  13/13      EV:  8    Int: 15    God:    Okawaru [***...]
Gold:   450        SH:  0    Dex: 10    Spells: 4/11 levels left

rFire    x . .     SeeInvis .   b - +0 trident
rCold    + . .     Gourm    .   (no shield)
rNeg     . . .     Faith    .   i - +0 ring mail
rPois    .         Spirit   .   (no helmet)
rElec    .         Reflect  .   (no cloak)
rCorr    .         Harm     .   G - +0 pair of gloves
MR       .....                  (no barding)
Stlth    ..........             o - amulet of rage
HPRegen  0.23/turn              s - ring of ice
MPRegen  0.13/turn              (no ring)

@: very quick
A: large, hooves 3, deformed body, speed 2, tough skin 3
a: Heroism, Renounce Religion, Evoke Berserk Rage


You were on level 9 of the Dungeon.
You worshipped Okawaru.
Okawaru was most pleased with you.
You were not hungry.

You visited 2 branches of the dungeon, and saw 10 of its levels.
You also visited: Ossuary.

You collected 450 gold pieces.

Inventory:

Hand Weapons
 a - a +0 shortbow
 b - a +0 trident (weapon)
 p - a +0 glaive
Missiles
 d - 62 arrows
Armour
 e - a +0 robe
 i - a +0 ring mail (worn)
 G - a +0 pair of gloves (worn)
Jewellery
 o - an amulet of rage (around neck)
 s - a ring of ice (left hand)
 t - an uncursed ring of flight {unknown}
 A - an uncursed ring of wizardry {unknown}
Wands
 v - a wand of disintegration (10)
 H - a wand of paralysis (25)
Scrolls
 g - 3 scrolls of teleportation
 h - a scroll of fog
 u - 3 scrolls of remove curse
 w - a scroll of holy word
 x - a scroll of magic mapping
 C - 8 scrolls of identify
 D - a scroll of amnesia
 E - 2 scrolls of immolation
Potions
 f - 3 potions of lignification {unknown}
 j - 3 potions of haste {unknown}
 k - 4 potions of brilliance {unknown}
 l - a potion of flight {unknown}
 m - 2 potions of curing
 n - a potion of resistance {unknown}
 q - 2 potions of heal wounds
 z - a potion of ambrosia {unknown}
 B - a potion of magic {unknown}
 F - a potion of degeneration {unknown}
Books
 c - a book of Debilitation

   Spells                             Type                      Level
   a - Corona                         Hexes                        1
   b - Slow                           Hexes                        2
   c - Inner Flame                    Hexes/Fire                   3
   d - Portal Projectile              Hexes/Translocation          3
   e - Cause Fear                     Hexes                        4
   f - Leda's Liquefaction            Hexes/Earth                  4
Comestibles
 r - 6 rations
 I - 3 chunks of flesh


   Skills:
 - Level 5.2 Fighting
 + Level 7.7 Polearms
 - Level 14.1 Bows
 - Level 1.3 Dodging
 - Level 1.0 Spellcasting
 - Level 2.6 Hexes
 - Level 4.1 Invocations


You had 4 spell levels left.
You knew the following spells:

 Your Spells              Type           Power        Failure   Level  Hunger
a - Corona                Hex            #......      19%         1    ##.....
b - Inner Flame           Hex/Fire       #.......     67%         3    ####...
c - Portal Projectile     Hex/Tloc       #.....       67%         3    ####...


Dungeon Overview and Level Annotations

Branches:
Dungeon (9/15)             Temple (1/1) D:6             Orc (0/2) D:9
   Lair: D:8-11

Altars:
Ashenzari
Cheibriados
Dithmenos
Elyvilon
Fedhas
Gozag
Kikubaaqudgha
Makhleb
Nemelex Xobeh
Okawaru
Qazlal
Ru
Sif Muna
Trog
Uskayaw
Vehumet
Wu Jian
Xom
Yredelemnul
Zin
The Shining One

Shops:
D:4 %

Annotations:
D:3 mortelune's ghost, amateur DrCj


Innate Abilities, Weirdness & Mutations

You have hooves in place of feet.
Armour fits poorly on your strangely shaped body.
You cover ground very quickly.
You have extremely tough skin. (AC +3)


Message History

The centaur shoots an arrow.
The arrow hits you!
* * * LOW HITPOINT WARNING * * *
The centaur closely misses you.
The centaur shoots an arrow.
The arrow hits you!
* * * LOW HITPOINT WARNING * * *
The centaur wields an uncursed shortbow.
The centaur shoots an arrow.
The arrow hits you.
* * * LOW HITPOINT WARNING * * *
You see here 2 arrows.
The centaur shoots an arrow.
The arrow hits you.
* * * LOW HITPOINT WARNING * * *
The centaur shoots an arrow.
The arrow barely misses you.
You see here an arrow.
You feel much better.
The centaur shoots an arrow.
The arrow hits you!
* * * LOW HITPOINT WARNING * * *
The centaur shoots an arrow.
The arrow hits you!
* * * LOW HITPOINT WARNING * * *
An orc warrior comes into view. It is wielding a dire flail.
The centaur shoots an arrow.
The arrow hits you!
You die...

,,,,,,,,....#* ##....#.PP,,,,,,,,
,,,,,,,,..o.c###....##hP♣**,,,***
,,,,,,,,............##..♣ *,,,* *
,,,,,,,,...........(##(P♣♣♣...***
,,,,,,,,......(......#...P...P,,,
,,,,,,,**#.........(..........,,,
,***,,** *#.....(.(...........,,,
,* *,,* #....<(<.(..........,,,
,***,,** ##....(@(((c.........,,,
,,,,,,,**#.......((...........,,,
,,,,,,,,......(......###......,,,
,,,,,,,,.....(...(..## *#>....,,,
,,,,,,,,....(.....(.# *...#**,,
,,,,,,,,.....###(..(## **...# *,,
,,,,,,,,....#* ##(..(###....##*,,
*********###* ###...........,,,
***,***8***8******#..(........,,,


You could see an orc warrior and 2 centaurs.

Vanquished Creatures
  2 two-headed ogres (D:8)
  A hornet (D:7)
  A hippogriff (D:7)
  4 yaks (D:8)
  A wyvern (D:8)
  The ghost of komo4ek the Firebug, an amateur HuFE (D:4)
  3 orc warriors
  A sky beast (D:8)
  2 ice beasts
  4 ogres
  A necrophage (D:5)
  A centaur (D:8)
  A bullfrog (D:8)
  5 scorpions
  4 howler monkeys
  A crimson imp (D:7)
  5 hounds
  A centaur zombie (Ossuary)
  4 jellies
  4 orc priests
  3 iguanas
  10 orc wizards
  7 worker ants
  5 big kobold zombies (Ossuary)
  A hound skeleton (D:7)
  A worker ant zombie (D:7)
  5 mummies (Ossuary)
  3 gnolls
  10 adders
  An adder skeleton (D:5)
  A dart slug (D:1)
  5 leopard geckos
  15 orcs
  4 giant cockroaches
  2 goblins (D:1)
  10 hobgoblins
  9 jackals
  7 kobolds
  2 quokkas
  9 bats
  6 frilled lizards
  2 hobgoblin zombies (Ossuary)
  A leopard gecko skeleton (D:4)
  5 rats
171 creatures vanquished.

Notes
Turn   | Place    | Note
-------+----------+-------------------------------------------
     0 | D:1      | Jatast the Centaur Arcane Marksman began the quest for the Orb.
     0 | D:1      | Reached XP level 1. HP: 16/16 MP: 2/2
    20 | D:1      | Reached skill level 3 in Bows
   268 | D:1      | Reached XP level 2. HP: 23/23 MP: 3/3
   328 | D:1      | Reached skill level 4 in Bows
  1313 | D:1      | Reached XP level 3. HP: 25/28 MP: 4/4
  1674 | D:2      | Reached skill level 5 in Bows
  2983 | D:3      | Noticed mortelune's ghost (amateur DrCj)
  3446 | D:3      | Reached XP level 4. HP: 25/35 MP: 5/5
  3601 | D:3      | Found a stormy altar of Qazlal.
  5185 | D:4      | Reached skill level 6 in Bows
  5246 | D:4      | Reached XP level 5. HP: 36/40 MP: 6/6
  5298 | D:4      | Reached skill level 7 in Bows
  5877 | D:4      | Found Irorir's Food Shop.
  6076 | D:4      | Noticed an ogre
  6156 | D:4      | Killed an ogre
  6156 | D:4      | Reached skill level 8 in Bows
  6156 | D:4      | Reached XP level 6. HP: 47/47 MP: 7/7
  6691 | D:4      | Noticed komo4ek's ghost (amateur HuFE)
  6802 | D:4      | Killed komo4ek's ghost
  6802 | D:4      | Reached skill level 9 in Bows
  7303 | D:4      | Reached skill level 10 in Bows
  7303 | D:4      | Reached XP level 7. HP: 21/52 MP: 8/8
  7982 | D:5      | Entered Level 5 of the Dungeon
  8699 | D:5      | Found a white marble altar of Elyvilon.
 10075 | D:5      | Found a glowing silver altar of Zin.
 10075 | D:5      | Found a white marble altar of Elyvilon.
 10076 | D:5      | Found a glowing golden altar of the Shining One.
 10266 | D:6      | Found a sand-covered staircase.
 10274 | Ossuary  | Entered an ossuary
 10587 | Ossuary  | Reached skill level 5 in Fighting
 10672 | Ossuary  | Reached XP level 8. HP: 63/68 MP: 9/9
 10777 | Ossuary  | Reached skill level 1 in Polearms
 11493 | D:6      | Reached skill level 11 in Bows
 11563 | D:6      | Found a staircase to the Ecumenical Temple.
 11568 | Temple   | Entered the Ecumenical Temple
 11766 | Temple   | Became a worshipper of Warmaster Okawaru
 11993 | D:6      | Learned a level 3 spell: Inner Flame
 11997 | D:6      | Learned a level 3 spell: Portal Projectile
 12595 | D:7      | Found an opulent altar of Gozag.
 12636 | D:7      | Noticed a hornet
 12718 | D:7      | Found a snail-covered altar of Cheibriados.
 12730 | D:7      | Found a shadowy altar of Dithmenos.
 12805 | D:7      | Found a shimmering altar of Xom.
 13130 | D:7      | Reached * piety under Okawaru
 13254 | D:7      | Noticed a hippogriff
 13306 | D:7      | Killed a hippogriff
 13306 | D:7      | Reached skill level 12 in Bows
 13306 | D:7      | Reached skill level 1 in Invocations
 13306 | D:7      | Reached XP level 9. HP: 63/74 MP: 10/10
 14259 | D:8      | Reached skill level 5 in Polearms
 15196 | D:8      | Reached ** piety under Okawaru
 15363 | D:9      | HP: 2/74 [orc warrior/flail (11)]
 16354 | D:9      | Noticed a two-headed ogre
 16359 | D:8      | Reached skill level 13 in Bows
 16517 | D:9      | Noticed a two-headed ogre
 17008 | D:8      | Killed a two-headed ogre
 17008 | D:8      | Reached *** piety under Okawaru
 17008 | D:8      | Reached XP level 10. HP: 57/81 MP: 13/13
 17161 | D:9      | HP: 1/81 [two-headed ogre/giant spiked club (14)]
 17268 | D:8      | Killed a two-headed ogre
 17268 | D:8      | Received a gift from Okawaru
 17268 | D:8      | Reached skill level 14 in Bows
 18012 | D:9      | HP: 4/81 [centaur/arrow (3)]
 18014 | D:9      | Shot with an arrow by a centaur

Skill      XL: |  1  2  3  4  5  6  7  8  9 10 |
---------------+-------------------------------+-----
Bows           | 3 4 5 6 8 10 12 13 14 | 14.1
Fighting       | 5 |  5.2
Polearms       | 4 6 7 |  7.7
Invocations    | 1 4 |  4.1
Dodging        | |  1.3
Spellcasting   | |  1.0
Hexes          | |  2.6

Action                   |  1- 3 |  4- 6 |  7- 9 | 10-12 || total
-------------------------+-------+-------+-------+-------++-------
Melee: Short sword       |   157 |    55 |       |       ||   212
       Kick              |    21 |    18 |    71 |     8 ||   118
       Glaive            |       |    82 |       |       ||    82
       Spear             |       |       |    79 |       ||    79
       Trident           |       |       |   360 |    40 ||   400
 Fire: Shortbow          |    42 |   111 |   273 |    56 ||   482
 Cast: Corona            |       |       |    22 |     3 ||    25
Invok: Heroism           |       |       |     1 |       ||     1
 Abil: Evoke Berserk Rag |       |     1 |     7 |       ||     8
Evoke: Wand              |       |       |     5 |       ||     5
  Use: Scroll            |       |       |    12 |       ||    12
       Potion            |       |       |       |     1 ||     1
  Eat: Chunk             |     5 |     5 |    27 |     3 ||    40
       Ration            |       |     2 |     2 |       ||     4
Armor: Robe              |     9 |       |       |       ||     9
       Ring mail         |    59 |    87 |   141 |    24 ||   311
Dodge: Dodged            |    90 |    83 |   131 |    21 ||   325
